 Dungeon Crawl Stone Soup version 0.30-a0-743-gbfdf073431 (webtiles) character file.

Game seed: 15854818281270020069

263 sircluck the Shooter (level 5, -1/28 HPs)
             Began as a Spriggan Hunter on Feb 7, 2023.
             Slain by a small abomination (17 damage)
             ... on level 3 of the Dungeon.
             The game lasted 00:07:54 (2376 turns).

sircluck the Shooter (Spriggan Hunter)              Turns: 2376, Time: 00:07:54

Health: -1/28      AC:  2    Str:  7    XL:     5   Next: 97%
Magic:  6/6        EV: 18    Int: 10    God:
Gold:   141        SH:  0    Dex: 21    Spells: 4/4 levels left

rFire   . . .      SeeInvis +    a - +0 shortbow
rCold   . . .      Faith    .    (shield currently unavailable)
rNeg    . . .      Spirit   .    c - +0 robe
rPois   .          Reflect  .    (helmet restricted)
rElec   .          Harm     .    (no cloak)
rCorr   .          Rampage  .    (gloves unavailable)
Will    .....                    (boots unavailable)
Stlth   ++                       (no amulet)
HPRegen 0.00/turn                (no ring)
MPRegen 0.10/turn                (no ring)

@: sick, very quick
A: very small, no large weapons, unfitting armour, see invisible, speed 3
a: no special abilities


You were on level 3 of the Dungeon.
You visited 1 branch of the dungeon, and saw 3 of its levels.

You collected 141 gold pieces.

Inventory:

Hand Weapons
 a - a +0 shortbow (weapon)
 s - a +2 short sword of distortion
Missiles
 g - 30 stones
 j - 5 poisoned darts
Armour
 c - a +0 robe (worn)
 k - an orb of guile
Scrolls
 b - a scroll of immolation
 d - a scroll of vulnerability
 e - 2 scrolls of identify
 m - a scroll of poison
 o - a scroll of enchant weapon {unknown}
 p - a scroll of teleportation {unknown}
 r - a scroll of enchant armour {unknown}
Potions
 f - 2 potions of haste {unknown}
 h - 2 potions of degeneration {unknown}
 i - 2 potions of curing {unknown}
 l - a potion of heal wounds
 n - a potion of ambrosia {unknown}
 q - a potion of brilliance {unknown}


   Skills:
 + Level 2.9 Fighting
 + Level 6.5 Ranged Weapons
 + Level 2.9 Dodging
 + Level 1.6 Stealth


You had 4 spell levels left.
You didn't know any spells.
Your spell library contained the following spells:

 Spells                   Type           Power      Damage    Failure   Level
 Ensorcelled Hibernation  Hex/Ice        0%         N/A       50%         2
 Spider Form              Tmut/Pois      0%         N/A       75%         3
 Anguish                  Hex/Necr       0%         N/A       98%         4


Dungeon Overview and Level Annotations

Branches:
Dungeon (3/15)

Altars:
Trog
Zin
The Shining One

Portals:
Abyss: D:3

Annotations:
D:3 Nabski's ghost, amateur TeFE


Innate Abilities, Weirdness & Mutations

You are very small and have problems with some larger weapons.
You are too small for most types of armour.
You have supernaturally acute eyesight. (SInv)
You cover ground extremely quickly. (Speed+++)


Message History

The arrow hits the small abomination!
The small abomination is heavily damaged.
The small abomination hits you but does no damage.
You shoot an arrow.
The arrow closely misses the small abomination.
The arrow hits the small abomination!
The small abomination is severely damaged.
You feel ill.
The small abomination closely misses you.
You shoot an arrow.
The arrow completely misses the small abomination.
The arrow closely misses the small abomination.
The arrow hits the ancient zyme.
The ancient zyme is lightly damaged.
The small abomination hits you!
Ouch! That really hurt!
You are too injured to fight recklessly!
You shoot an arrow.
The arrow barely misses the small abomination.
The arrow hits the small abomination.
The small abomination is almost destroyed.
The small abomination hits you. The small abomination misses you.
You shoot an arrow. The arrow hits the small abomination.
The small abomination is lightly damaged.
The small abomination barely misses you.
You shoot an arrow. The arrow hits the small abomination.
The small abomination is moderately damaged.
The small abomination hits you.
You feel much better. The small abomination hits you!
Okay, then.
As you read the scroll labelled REDDES NUSTE, it crumbles to dust.
It is a scroll of identify.
d - a scroll of vulnerability The small abomination closely misses you.
The small abomination completely misses you.
As you read the scroll of identify, it crumbles to dust.
m - a scroll of poison The small abomination hits you!
Ouch! That really hurt!
You die...

...##...#:...^.##.....#
...#.∩....x.#.$#©.....#
...##.##.###...###...##
...)###.##.###..###..#
#...##[##....##W#.#..#
#..##..####...##x.#..#
#..#..^#.^##..##x##..#
#..##...#..#..##x#...#
#...####..##..##@#...#
#......####....###...#
#.......##...........#
#..............[.....#
#....................#
##...................#
##########..........#
#..........#
#..........#


You could see an ancient zyme, 2 small abominations and Nabski's ghost.

Vanquished Creatures
  A kobold brigand (D:3)
  An iron imp (D:3)
  An orc wizard (D:3)
  Robin (D:2)
  2 gnolls
  3 adders
  2 dart slugs (D:3)
  4 orcs (D:3)
  5 endoplasms
  4 giant cockroaches
  8 hobgoblins
  4 jackals (D:1)
  A quokka (D:2)
  3 ball pythons
  5 bats
  2 frilled lizards (D:1)
  14 goblins
  9 kobolds
  3 rats (D:1)
73 creatures vanquished.

Notes
Turn   | Place    | Note
-------+----------+-------------------------------------------
     0 | D:1      | sircluck the Spriggan Hunter began the quest for the Orb.
     0 | D:1      | Reached XP level 1. HP: 10/10 MP: 2/2
    69 | D:1      | Reached XP level 2. HP: 14/14 MP: 3/3
   367 | D:1      | Reached XP level 3. HP: 18/18 MP: 4/4
   642 | D:1      | Reached skill level 5 in Ranged Weapons
   718 | D:2      | Noticed Robin
   722 | D:2      | Killed Robin
   854 | D:2      | Reached XP level 4. HP: 23/23 MP: 5/5
  1490 | D:3      | Found a glowing golden altar of the Shining One.
  1546 | D:3      | HP: 1/23 [orc wizard/+0 dagger (1)]
  1692 | D:3      | Found a one-way gate to the infinite horrors of the Abyss.
  1692 | D:3      | Noticed Nabski's ghost (amateur TeFE)
  1694 | D:3      | Noticed a small abomination
  1696 | D:3      | Noticed a small abomination
  1703 | D:3      | Noticed an ancient zyme
  1714 | D:3      | Reached XP level 5. HP: 27/27 MP: 6/6
  1766 | D:3      | Found a transporter.
  1793 | D:3      | Found a bloodstained altar of Trog.
  1998 | D:3      | Found a transporter.
  2158 | D:3      | Found a glowing silver altar of Zin.
  2298 | D:3      | Reached skill level 6 in Ranged Weapons
  2376 | D:3      | Slain by a small abomination

Illustrated notes

Levels and vault maps discovered:
D:1:      psy_arrival_statuary, layout_basic, due_unseen_surprise
D:2:      layout_basic, uniq_robin
D:3:      layout_basic, zin_scriptorium, nicolae_tso_swordbearing_angel,
          trog_antimagical, gammafunk_ghost_abyssal_escape

Skill      XL: |  1  2  3  4  5 |
---------------+----------------+-----
Ranged Weapons | 5 6 |  6.5
Fighting       | 2 |  2.9
Dodging        | |  2.9
Stealth        | |  1.6

Action                     |  1- 3 |  4- 6 || total
---------------------------+-------+-------++-------
   Fire: Shortbow          |    94 |   132 ||   226
    Use: Scroll            |       |     2 ||     2
         Potion            |       |     2 ||     2
 Armour: Robe              |       |     6 ||     6
  Dodge: Dodged            |    17 |    44 ||    61

Table legend: (Time is in decaauts)
 A = Elapsed time spent in this place.
 B = Non-inter-level travel time spent in this place.
 C = Inter-level travel time spent in this place.
 D = Time resting spent in this place.
 E = Time spent auto-exploring this place.
 F = Levels seen in this place.
 G = Mean time per level.
                   A        B        C        D        E       F      G
               +--------+--------+--------+--------+--------+-----+--------+
         Total |   1670 |   1616 |     54 |     80 |    996 |   3 |  556.7 |
       Dungeon |   1670 |   1616 |     54 |     80 |    996 |   3 |  556.7 |
               +--------+--------+--------+--------+--------+-----+--------+

Top non-repeatable levels by time:
     D:3: 682 daAuts
     D:2: 504 daAuts
     D:1: 483 daAuts
